 Dungeon Crawl Stone Soup version 0.27-a0-951-gae3e1deef5 (webtiles) character file.

Game seed: 7342040091930237969

43 polve the Cutter (level 3, 0/29 HPs)
             Began as a Demonspawn Abyssal Knight on Apr 11, 2021.
             Was a Follower of Lugonu.
             Succumbed to an adder's poison
             ... on level 2 of the Dungeon.
             The game lasted 00:01:02 (1549 turns).

polve the Cutter (Demonspawn Abyssal Knight)        Turns: 1549, Time: 00:01:02

Health: 0/29       AC:  5    Str: 13    XL:     3   Next: 37%
Magic:  4/4        EV: 10    Int: 13    God:    Lugonu [*.....]
Gold:   69         SH:  0    Dex: 12    Spells: 2/2 levels left

rFire    . . .     SeeInvis .   a - +1 short sword
rCold    . . .     Faith    .   (no shield)
rNeg     . . .     Spirit   .   d - +0 ring mail
rPois    .         Reflect  .   (helmet restricted)
rElec    .         Harm     .   (no cloak)
rCorr    .         Rampage  .   (no gloves)
Will     .....                  (no boots)
Stlth    +.........             (no amulet)
HPRegen  0.09/turn              (no ring)
MPRegen  0.09/turn              (no ring)

@: lethally poisoned (0 -> -1)
A: antennae 1
a: Renounce Religion, Depart the Abyss


You were on level 2 of the Dungeon.
You worshipped Lugonu.
Lugonu was aware of your devotion.
You visited 1 branch of the dungeon, and saw 2 of its levels.
You visited the Abyss 1 time.

You collected 69 gold pieces.

Inventory:

Hand Weapons
 a - a +1 short sword (weapon)
Armour
 b - a +0 leather armour
 d - a +0 ring mail (worn)
Scrolls
 c - a scroll of vulnerability {unknown}
 e - a scroll of magic mapping {unknown}
 f - a scroll of teleportation {unknown}
Potions
 g - a potion of magic {unknown}


   Skills:
 - Level 3.0 Fighting
 + Level 3.5 Short Blades
 - Level 1.7 Armour
 - Level 0.8 Dodging
 - Level 2.4 Invocations


You had 2 spell levels left.
You didn't know any spells.
Your spell library contained the following spells:

 Spells                   Type           Power      Damage    Failure   Level
 Animate Skeleton         Necr           0%         N/A       54%         1
 Apportation              Tloc           0%         N/A       54%         1
 Corona                   Hex            0%         N/A       54%         1
 Summon Small Mammal      Summ           0%         N/A       54%         1


Dungeon Overview and Level Annotations

Branches:
Dungeon (2/15)

Altars:

Shops:
D:2 =


Innate Abilities, Weirdness & Mutations

You have a pair of small antennae on your head.


Message History

You are too injured to fight recklessly!
You are too injured to fight recklessly!
You are too injured to fight recklessly!
You are too injured to fight recklessly!
You are too injured to fight recklessly!
You are too injured to fight recklessly!
An adder is nearby!
You hit the adder.
The adder is lightly wounded.
You feel very sick. The adder barely misses you.
You closely miss the adder.
The adder is lightly wounded.
You feel sick. The adder bites you but does no damage.
You hit the adder but do no damage.
The adder is lightly wounded.
You feel sick. The adder barely misses you.
You hit the adder.
The adder is heavily wounded.
You feel sick. The adder closely misses you. The adder barely misses you.
You completely miss the adder.
The adder is heavily wounded.
You feel sick. The adder completely misses you.
You hit the adder.
The adder is severely wounded.
You feel sick. The adder closely misses you.
You miss the adder.
The adder is severely wounded.
You feel sick. The adder bites you.
* * * LOW HITPOINT WARNING * * *
You completely miss the adder.
The adder is severely wounded.
You feel sick. The adder closely misses you.
You hit the adder but do no damage.
The adder is severely wounded.
The adder barely misses you. The adder bites you.
* * * LOW HITPOINT WARNING * * *
You closely miss the adder.
The adder is severely wounded.
You die...

.......## ##.###.#
#.....## ### #.#
##...## #.# ##'## ###
.## #.# #.. ..
###.###### #.# ##.#
#........# #.# #..
#.)..###.# #.# #S#
#.....##.# #.# #@#
#....###.# #.###.##.#
....†.##.###........#
#.###............####
#........#########
#........# ##########


You could see an adder.

Vanquished Creatures
  An adder (D:2)
  2 bats
  3 endoplasms
  A giant cockroach (D:1)
  6 goblins
  3 hobgoblins (D:1)
  A quokka (D:1)
  4 ball pythons
  3 frilled lizards (D:1)
  A kobold (D:1)
  9 rats
34 creatures vanquished.

Notes
Turn   | Place    | Note
-------+----------+-------------------------------------------
     0 | Abyss:1  | polve the Demonspawn Abyssal Knight began the quest for the
                  | Orb.
     0 | Abyss:1  | Reached XP level 1. HP: 18/18 MP: 2/2
    10 | Abyss:1  | Found a corrupted altar of Lugonu.
    20 | Abyss:1  | Noticed a great orb of eyes
    20 | D:1      | Escaped the Abyss
   102 | D:1      | Found a faded altar of an unknown god.
   271 | D:1      | Gained mutation: You have a pair of small antennae on your
                  | head. [demonic ancestry]
   271 | D:1      | Reached XP level 2. HP: 22/24 MP: 3/3
   280 | D:1      | Reached * piety under Lugonu
  1317 | D:2      | Found Nagg's Jewellery Boutique.
  1322 | D:2      | Reached XP level 3. HP: 28/29 MP: 4/4
  1548 | D:2      | HP: 1/29 [adder (4)]
  1549 | D:2      | Succumbed to an adder's poison

Illustrated notes

Levels and vault maps discovered:
D:1:      saegor_arrival_simple_b, layout_basic, ebering_ecumenical_altar_mist,
          minmay_misc_feat_nine_boxes, roderic_roman_lattice
D:2:      layout_loops_corners, serial_shops, shop

Skill      XL: |  1  2 |
---------------+-------+-----
Short Blades   | 2 3 |  3.5
Fighting       | |  3.0
Armour         | |  1.7
Dodging        | |  0.8
Invocations    | |  2.4

Action                   || total
-------------------------++-------
Melee: Short sword       ||   109
Invok: Depart the Abyss  ||     1
Armor: Ring mail         ||    35
Dodge: Dodged            ||    57

Table legend: (Time is in decaauts)
 A = Elapsed time spent in this place.
 B = Non-inter-level travel time spent in this place.
 C = Inter-level travel time spent in this place.
 D = Time resting spent in this place.
 E = Time spent auto-exploring this place.
 F = Levels seen in this place.
 G = Mean time per level.
                   A        B        C        D        E       F      G
               +--------+--------+--------+--------+--------+-----+--------+
         Total |   1544 |   1501 |     43 |      0 |   1287 |   3 |  514.7 |
       Dungeon |   1524 |   1481 |     43 |      0 |   1267 |   2 |  762.0 |
         Abyss |     20 |     20 |      0 |      0 |     20 |   1 |   20.0 |
               +--------+--------+--------+--------+--------+-----+--------+

Top non-repeatable levels by time:
     D:1: 1204 daAuts
     D:2: 320 daAuts
 Abyss:1: 20 daAuts
